 Dungeon Crawl Stone Soup version 0.29-a0-721-g7f417c9bbb (webtiles) character file.

Game seed: 15671296882759564199

5 blackman the Sneak (level 1, -2/17 (18) HPs)
             Began as a Human Delver on June 28, 2022.
             Was an Initiate of Makhleb.
             Slain by a necrophage (6 damage)
             ... on level 5 of the Dungeon.
             The game lasted 00:01:19 (68 turns).

blackman the Sneak (Human Delver)                     Turns: 68, Time: 00:01:20

HP:   -2/17 (18)    AC:  3    Str: 12    XL:     1   Next: 88%
MP:   1/1           EV: 12    Int: 10    God:    Makhleb [......]
Gold: 0             SH:  0    Dex: 14    Spells: 0/0 levels left

rFire   . . .      SeeInvis .   a - +0 hand axe
rCold   . . .      Faith    .   (no shield)
rNeg    . . .      Spirit   .   b - +0 leather armour
rPois   .          Reflect  .   (no helmet)
rElec   .          Harm     .   (no cloak)
rCorr   .          Rampage  .   (no gloves)
Will    .....                   (no boots)
Stlth   +++.......              (no amulet)
HPRegen 0.05/turn               (no ring)
MPRegen 0.07/turn               (no ring)

@: hasted, drained, very quick
A: no striking features
a: Renounce Religion


You were on level 5 of the Dungeon.
You worshipped Makhleb.
Makhleb was noncommittal.
You visited 1 branch of the dungeon, and saw 1 of its levels.

Inventory:

Hand Weapons
 a - a +0 hand axe (weapon)
Armour
 b - a +0 leather armour (worn)
Scrolls
 c - a scroll of fog


   Skills:
 - Level 3.0 Fighting
 + Level 2.5 Axes
 - Level 2.0 Dodging
 - Level 5.0 Stealth


You couldn't memorise any spells.
You didn't know any spells.
Your spell library was empty.

Dungeon Overview and Level Annotations

Branches:
Dungeon (5/15)
 Temple: D:4-7

Altars:
Makhleb

Portals:
Sewer: D:5


Message History

A quokka and a giant cockroach come into view.
The giant cockroach completely misses you.
You barely miss the giant cockroach. You closely miss the giant cockroach.
The giant cockroach closely misses you. The giant cockroach barely misses you.
You hit the giant cockroach.
The giant cockroach is moderately wounded.
You closely miss the giant cockroach. The giant cockroach barely misses you.
The giant cockroach bites you but does no damage.
You hit the giant cockroach.
The giant cockroach is heavily wounded.
You barely miss the giant cockroach.
The giant cockroach bites you but does no damage.
The giant cockroach bites you.
You hit the giant cockroach but do no damage.
The giant cockroach is heavily wounded.
You hit the giant cockroach.
You kill the giant cockroach!
Makhleb accepts your kill. The giant cockroach misses you.
You hit the giant cockroach.
You kill the giant cockroach!
Makhleb accepts your kill.
You hit the necrophage but do no damage.
The necrophage hits you but does no damage.
You barely miss the quokka.
You hit the necrophage but do no damage.
You barely miss the quokka. You hit the necrophage.
The quokka barely misses you. The necrophage hits you.
You feel drained.
You hit the quokka but do no damage. You hit the necrophage.
The quokka closely misses you. The necrophage barely misses you.
You hit the quokka.
The quokka is severely wounded.
You closely miss the necrophage. The quokka completely misses you.
The necrophage closely misses you.
You closely miss the necrophage.
The necrophage is moderately damaged.
You closely miss the quokka. The quokka bites you.
* * * LOW HITPOINT WARNING * * *
The necrophage hits you.
You die...

*********,,,....#.###**,****
*,,,,,,,,,,**.......,,,,,>,,
*,*******,,**,#.#.#####.#***
*,* ########≈≈.......# *,*
##≈≈.≈≈≈≈≈.o#.##### *,*
#≈≈≈≈≈≈≈≈≈.##.# *,*
#..##########.# *,*
#..≈≈≈≈≈≈## #.# *,*
##≈.n@rBB≈#*#.# *,*
##≈≈≈≈≈≈..##.# *,*
**#######..##.# *,*
**,≈≈≈≈≈≈≈,≈#..##### # *,*
*,≈,≈,≈≈,,≈*###....#### *,*
**,≈********* #####.... *,*
*,,** ##..# *,***,** #_..
*,**,,* #...#


You could see a necrophage, a quokka and 2 giant cockroaches.

Vanquished Creatures
  3 giant cockroaches (D:5)
  A quokka (D:5)
4 creatures vanquished.

Notes
Turn   | Place    | Note
-------+----------+-------------------------------------------
     0 | D:5      | blackman the Human Delver began the quest for the Orb.
     0 | D:5      | Reached XP level 1. HP: 18/18 MP: 1/1
     8 | D:5      | Found a burning altar of Makhleb.
    14 | D:5      | Became a worshipper of Makhleb the Destroyer
    32 | D:5      | Noticed a necrophage
    50 | D:5      | Found a glowing drain.
    68 | D:5      | Slain by a necrophage

Illustrated notes

Levels and vault maps discovered:
D:5:      layout_loops_cross, lemuel_coloured_pillars_altar,
          mainiacjoe_overflow_alcove_4, gup_sewer_entry_pipe,
          gammafunk_ghost_gnarly_gnolls, dk_vineyard_3

Action                   || total
-------------------------++-------
Melee: Hand axe          ||    14
Evoke: Wand              ||     3
  Use: Scroll            ||     2
       Potion            ||     1
Armor: Leather armour    ||    10
Dodge: Dodged            ||    21

Table legend: (Time is in decaauts)
 A = Elapsed time spent in this place.
 B = Non-inter-level travel time spent in this place.
 C = Inter-level travel time spent in this place.
 D = Time resting spent in this place.
 E = Time spent auto-exploring this place.
 F = Levels seen in this place.
 G = Mean time per level.
                   A        B        C        D        E       F      G
               +--------+--------+--------+--------+--------+-----+--------+
         Total |     70 |     70 |      0 |      0 |      0 |   1 |   70.0 |
       Dungeon |     70 |     70 |      0 |      0 |      0 |   1 |   70.0 |
               +--------+--------+--------+--------+--------+-----+--------+

Top non-repeatable levels by time:
     D:5: 70 daAuts
